 Dungeon Crawl Stone Soup version 0.31-a0-105-gc0b45f0da6 (webtiles) character file.

Game seed: 16293239793582124350

24196 Kenran the Warrior (level 12, -5/123 HPs)
             Began as a Minotaur Monk on May 27, 2023.
             Was the Champion of Okawaru.
             Slain by a sixfirhy (11 damage)
             ... in a Gauntlet.
             The game lasted 00:20:40 (10733 turns).

Kenran the Warrior (Minotaur Monk)                 Turns: 10733, Time: 00:20:41

Health: -5/123     AC: 16    Str: 21    XL:     12   Next: 78%
Magic:  13/15      EV: 12    Int: 10    God:    Okawaru [******]
Gold:   711        SH:  0    Dex: 13    Spells: 11/11 levels left

rFire   . . .        a - +2 morningstar (flame)
rCold   . . .        d - orb {light}
rNeg    . . .        p - +0 chain mail
rPois   .            K - +1 hat {Int+3}
rElec   .            (no cloak)
rCorr   .            l - +0 pair of gloves
SInv    +            (no boots)
Will    +....        A - amulet of regeneration Stlth
                     b - ring of willpower
HPRegen 1.20/turn    x - ring of see invisible
MPRegen 0.14/turn

%: no teleportation
@: heroic, glowing
A: horns 2, retaliatory headbutt
a: Renounce Religion, Heroism, Finesse, Duel


You were in a Gauntlet.
You worshipped Okawaru.
Okawaru was exalted by your worship.
You visited 3 branches of the dungeon, and saw 14 of its levels.
You also visited: Sewer and Gauntlet.

You collected 949 gold pieces.
You spent 238 gold pieces at shops.

Inventory:

Hand Weapons
 a - a +2 morningstar of flaming (weapon)
 L - the +4 great sword "Syuryrch" {flame, rElec rCorr MP+9 Stlth-}
   (Okawaru gifted it to you on level 1 of the Lair of Beasts)

   rElec:     It insulates you from electricity.
   MP:        It affects your magic capacity (+9).
   rCorr:     It protects you from acid and corrosion.
   Stlth:     It makes you less stealthy.
Missiles
 g - 5 curare-tipped darts (quivered)
 v - a throwing net
Armour
 d - an orb of light (worn)
 l - a +0 pair of gloves (worn)
 p - a +0 chain mail (worn)
 z - a +0 kite shield
 K - a +1 hat of intelligence (worn)
Jewellery
 b - a ring of willpower (left hand)
 x - a ring of see invisible (right hand)
 A - an amulet of regeneration (around neck)
 F - a ring of fire
 O - a +4 ring of protection
 P - an amulet of magic regeneration
Wands
 s - a wand of flame (20)
 y - a wand of acid (7)
 J - a wand of iceblast (2)
 M - a wand of mindburst (3)
 N - a wand of digging (2)
Scrolls
 h - 2 scrolls of fear
 j - a scroll of poison {!r}
 m - a scroll of brand weapon
 t - 3 scrolls of enchant armour
 w - a scroll of vulnerability {!r}
 B - 4 scrolls of teleportation
 I - a scroll of magic mapping
Potions
 c - 2 potions of ambrosia
 f - 2 potions of enlightenment
 i - a potion of attraction {unknown}
 k - 2 potions of curing {@q1}
 n - a potion of magic {unknown}
 q - 2 potions of might
 r - 2 potions of cancellation
 u - a potion of resistance {unknown}
 C - a potion of degeneration {unknown}
 D - a potion of brilliance {unknown}
 E - a potion of lignification {unknown}
 G - a potion of invisibility


   Skills:
 + Level 16.3(21.3) Fighting
 - Level 16.0(21.0) Maces & Flails
 - Level 10.0(15.0) Armour
 + Level 4.7(9.7) Dodging
 + Level 5.9 Invocations


You had 11 spell levels left.
You didn't know any spells.
Your spell library contained the following spells:

 Spells                   Type           Power      Damage    Failure   Level
 Apportation              Tloc           0%         N/A       83%         1
 Kiss of Death            Conj/Necr      0%         2d5       83%         1
 Sandblast                Erth           0%         2d4       83%         1
 Passwall                 Tmut/Erth      0%         N/A       93%         2
 Confusing Touch          Hex            0%         N/A       99%         3
 Portal Projectile        Hex/Tloc       0%         N/A       99%         3
 Stone Arrow              Conj/Erth      0%         3d7       99%         3
 Dispel Undead            Necr           0%         3d6       100%        4
 Leda's Liquefaction      Hex/Erth       0%         N/A       100%        4
 Agony                    Necr           0%         N/A       100%        5
 Alistair's Intoxication  Tmut/Pois      0%         N/A       100%        5
 Blade Hands              Tmut           0%         N/A       100%        5
 Irradiate                Conj/Tmut      0%         3d11      100%        5
 Iskenderun's Battlesphe  Conj           0%         2d6       100%        5
 Leda's Unmaking          Conj/Erth      0%         9d1       100%        6
 Dragon Form              Tmut           0%         N/A       100%        7
 Call Canine Familiar     Summ           Unusable   N/A       N/A         3
 Tukima's Dance           Hex            Unusable   N/A       N/A         3
 Spellforged Servitor     Conj/Summ      Unusable   N/A       N/A         7

Dungeon Overview and Level Annotations

Branches:
Dungeon (11/15)            Temple (1/1) D:5            Lair (2/5) D:9
 Spider (0/4) Lair:2          Orc (0/2) D:10          Sewer (visited)
Gauntlet (1/1)
  Swamp: Lair:2-3    Shoals: Lair:2-3

Altars:
Ashenzari
Dithmenos
Elyvilon
Gozag
Hepliaklqana
Kikubaaqudgha
Makhleb
Nemelex Xobeh
Okawaru
Sif Muna
Trog
Uskayaw
Vehumet
Xom
Yredelemnul
Zin
The Shining One

Shops:
D:1 *   D:3 [*(   D:4 *   D:8 [(

Annotations:
Gauntlet 12 transporters, 17 runed translucent doors, exclusion: orange crystal statue


Innate Abilities, Weirdness & Mutations

You have a pair of horns on your head.
You reflexively headbutt those who attack you in melee.


Message History

Your magical effects are unravelling.
You feel magically purged.
You feel yourself slow down.
You feel a little less mighty now.
Cornered, the sixfirhy turns to fight!
The sixfirhy hits you but does no damage.
It was a potion of heal wounds.
You feel much better. The sixfirhy closely misses you.
You hit the sixfirhy. You burn the sixfirhy.
The sixfirhy is severely wounded.
Cornered, the sixfirhy turns to fight!
You miss the sixfirhy.
The sixfirhy is severely wounded.
You gain the combat prowess of a mighty hero.
The sixfirhy barely misses you. The sixfirhy hits you.
* * * LOW HITPOINT WARNING * * *
The sixfirhy shocks you!
* * * LOW HITPOINT WARNING * * *
The sixfirhy hits you!
* * * LOW HITPOINT WARNING * * *
The sixfirhy shocks you!
* * * LOW HITPOINT WARNING * * *
You feel much better.
The sixfirhy hits you but does no damage. x3
The sixfirhy hits you.
* * * LOW HITPOINT WARNING * * *
The sixfirhy shocks you!
* * * LOW HITPOINT WARNING * * *
You feel much better. The sixfirhy hits you.
* * * LOW HITPOINT WARNING * * *
The sixfirhy shocks you!
* * * LOW HITPOINT WARNING * * *
The sixfirhy hits you.
* * * LOW HITPOINT WARNING * * *
The sixfirhy shocks you!
* * * LOW HITPOINT WARNING * * *
The sixfirhy misses you. You furiously retaliate!
You headbutt the sixfirhy, but do no damage.
The sixfirhy hits you but does no damage.
The sixfirhy hits you!
You die... ..≣≣≣≣≣≣≣≣≣≣≣≣≣.≣≣≣≣≣≣≣≣≣≣≣≣≣≣≣≣≣ ..≣©...........©...........©≣≈§≈≈ ≣≣≣≣≣≣≣≣≣≣≣≣≣≣≣≣≣≣≣≣≣≣≣≣≣≣≣≣≣≣≣≣≣

....GuG░≣.≣..+.©.+..≣.≣..5......≣
░.....░u≣.≣.^+...+^.≣.≣..5.5....≣
.░...░..≣.≣++≣+≣'≣++≣.≣5........≣
..░©░...≣.≣..+...+..≣.≣5........≣
...░....≣.≣..+.3.+..≣.≣5...©....≣
..░.░...≣.≣++≣..@≣++≣.≣2........≣
.░...░..≣.≣..≣'3'≣..≣.≣.........≣
░.....░.≣.≣.........≣.≣.........≣
.?.©[[.░≣.≣..}$©[...≣.≣.5=?©.}..≣
≣≣≣≣≣≣≣≣≣.≣≣≣≣≣≣≣≣≣≣≣.≣≣≣≣≣≣≣≣≣≣≣
.................................
................................≈


≣≣≣≣≣≣≣≣≣≣≣≣≣≣≣≣≣≣≣≣≣≣≣≣≣≣≣≣≣≣≣≣≣ ≣8≣ ≣8≣ ≣8≣ ≣8≣ ≣8≣ ≣8≣▓≈....... You could see
a reaper, 2 sixfirhies and 3 shadow imps.

Vanquished Creatures
  Snorg (D:10)
  A catoblepas (Lair:2)
  4 two-headed ogres
  3 death yaks
  2 sixfirhies (Gauntlet)
  2 cyclopes
  A manticore (D:11)
  5 elephants (Lair:1)
  A smoke demon (Gauntlet)
  A black mamba (Lair:1)
  Joseph (D:10)
  4 cane toads
  Maggie (D:9)
  2 komodo dragons
  A red devil (Gauntlet)
  A queen bee (Gauntlet)
  4 trolls
  A polar bear (Lair:2)
  2 hornets
  11 blink frogs (Lair:1)
  2 shadows
  22 yaks
  A vampire (D:11)
  A wraith (D:9)
  3 wyverns
  2 acid dragons
  5 water moccasins
  An ice beast (D:5)
  A black bear (D:6)
  2 sky beasts
  An orc warrior (D:8)
  2 ogres
  4 centaurs
  2 kobold brigands (Sewer)
  A gnoll sergeant (D:11)
  6 bullfrogs
  4 scorpions
  5 wights (D:8)
  8 killer bees
  2 electric eels (D:8)
  2 crimson imps (Gauntlet)
  3 hounds
  3 gnoll boudas
  2 orc priests
  A sleepcap (D:5)
  4 iguanas
  2 orc wizards (D:9)
  3 hell rats (D:9)
  10 adders
  18 gnolls
  8 river rats
  3 shadow imps
  2 white imps
  3 ufetubi
  6 worms
  A dart slug (D:4)
  28 orcs
  11 ball pythons
  6 bats
  2 endoplasms
  2 giant cockroaches (D:4)
  4 hobgoblins
  6 jackals
  11 kobolds
  3 quokkas
  4 frilled lizards
  2 goblins
  7 rats
281 creatures vanquished.

Vanquished Creatures (others)
  A gnoll (D:9)
1 creature vanquished.

Grand Total: 282 creatures vanquished

Notes
Turn   | Place    | Note
-------+----------+-------------------------------------------
     0 | D:1      | Kenran the Minotaur Monk began the quest for the Orb.
     0 | D:1      | Reached XP level 1. HP: 19/19 MP: 0/0
    34 | D:1      | Got the Incunabulum of Sepulchral Metal
   162 | D:1      | Found Yrphox's General Store.
   167 | D:1      | Reached XP level 2. HP: 26/26 MP: 1/1
   786 | D:1      | Bought a potion of curing for 30 gold pieces
   921 | D:2      | Reached skill level 5 in Maces & Flails
   968 | D:2      | Reached XP level 3. HP: 30/31 MP: 2/2
  1205 | D:2      | Reached XP level 4. HP: 36/39 MP: 3/3
  1505 | D:3      | Found Veijaepp's Antique Armour Shop.
  1584 | D:3      | Identified the +0 mace "Zodeerot" {venom, rF- Int+4 Stlth+}
  1659 | D:3      | Found a glowing drain.
  1684 | D:3      | Reached XP level 5. HP: 37/45 MP: 4/4
  1705 | Sewer    | Entered a sewer
  2070 | Sewer    | Reached XP level 6. HP: 50/51 MP: 5/5
  2152 | D:3      | Found a broken altar of Ashenzari.
  2519 | D:3      | Found Pythrahe's Weapon Shoppe.
  2625 | D:3      | Found Raxkouss's Assorted Antiques.
  2630 | D:3      | Bought a scroll labelled VARUNU TEITOWEA for 29 gold pieces
  2630 | D:3      | Bought a bubbling green potion for 26 gold pieces
  2939 | D:4      | Found Gossat's Neck Hole.
  3204 | D:4      | Found a glowing golden altar of the Shining One.
  3541 | D:3      | Bought a +1 morningstar of protection for 153 gold pieces
  3597 | D:5      | Entered Level 5 of the Dungeon
  3603 | D:4      | Reached XP level 7. HP: 57/57 MP: 6/6
  3770 | D:5      | Found a staircase to the Ecumenical Temple.
  3778 | D:5      | Reached skill level 10 in Maces & Flails
  3804 | Temple   | Entered the Ecumenical Temple
  3896 | Temple   | Became a worshipper of Warmaster Okawaru
  3896 | Temple   | Reached * piety under Okawaru
  3896 | Temple   | Reached ** piety under Okawaru
  3931 | D:5      | Reached skill level 5 in Fighting
  4065 | D:5      | Reached skill level 1 in Armour
  4356 | D:6      | Reached XP level 8. HP: 70/70 MP: 7/7
  4493 | D:6      | Reached skill level 5 in Armour
  4771 | D:6      | Reached *** piety under Okawaru
  5068 | D:7      | Found an opulent altar of Gozag.
  5401 | D:7      | Found a shimmering altar of Xom.
  5613 | D:8      | Found Diesa's Antique Armour Shoppe.
  5650 | D:8      | You fall into a shaft and drop 1 floor!
  5655 | D:9      | Noticed a death yak
  5739 | D:9      | Found a staircase to the Lair.
  5756 | D:9      | Reached skill level 1 in Invocations
  5756 | D:9      | Reached XP level 9. HP: 67/75 MP: 7/9
  5791 | D:8      | Found Sauqun's Antique Weapon Shoppe.
  5916 | D:8      | Reached **** piety under Okawaru
  6117 | D:8      | Reached skill level 5 in Invocations
  6173 | D:8      | Found an ancient bone altar of Kikubaaqudgha.
  6874 | D:9      | Noticed a death yak
  6874 | D:9      | Noticed a death yak
  7113 | D:8      | Killed a death yak
  7113 | D:8      | Reached ***** piety under Okawaru
  7114 | D:8      | Reached skill level 10 in Fighting
  7114 | D:8      | Reached XP level 10. HP: 80/93 MP: 12/12
  7153 | D:8      | Killed a death yak
  7269 | D:9      | Noticed Maggie
  7276 | D:9      | Killed Maggie
  7276 | D:9      | Received a gift from Okawaru
  7411 | D:9      | Noticed a two-headed ogre
  7417 | D:9      | Killed a two-headed ogre
  7606 | D:9      | Killed a death yak
  7606 | D:9      | Received a gift from Okawaru
  7607 | D:9      | Reached skill level 15 in Maces & Flails
  7834 | D:10     | Entered Level 10 of the Dungeon
  7834 | D:10     | Noticed Joseph
  7834 | D:10     | Noticed a cyclops
  7834 | D:10     | Noticed a two-headed ogre
  7929 | D:10     | Noticed Snorg
  7945 | D:10     | Killed Snorg
  7946 | D:10     | Reached XP level 11. HP: 86/101 MP: 10/13
  8092 | D:10     | Found a staircase to the Orcish Mines.
  8097 | D:10     | Found a hazy altar of Hepliaklqana.
  8103 | D:10     | Noticed a two-headed ogre
  8119 | D:10     | Killed a two-headed ogre
  8173 | D:10     | Found a glowing silver altar of Zin.
  8197 | D:10     | Killed a two-headed ogre
  8413 | D:10     | Killed Joseph
  8601 | D:11     | Noticed a two-headed ogre
  8606 | D:11     | Killed a two-headed ogre
  8787 | D:11     | Found an ancient bone altar of Kikubaaqudgha.
  8869 | D:11     | Reached ****** piety under Okawaru
  9288 | Lair:1   | Entered Level 1 of the Lair of Beasts
  9308 | Lair:1   | Received a gift from Okawaru
  9319 | Lair:1   | Received a gift from Okawaru
  9407 | Lair:1   | Reached skill level 15 in Fighting
  9411 | Lair:1   | Reached XP level 12. HP: 52/121 MP: 14/14
  9957 | Lair:1   | Identified the +4 great sword "Syuryrch" {flame, rElec
                  | rCorr MP+9 Stlth-} (Okawaru gifted it to you on level 1 of
                  | the Lair of Beasts)
  9957 | Lair:1   | Received a gift from Okawaru
 10349 | Lair:2   | Noticed a catoblepas
 10360 | Lair:2   | Killed a catoblepas
 10362 | Lair:2   | Reached skill level 10 in Armour
 10386 | Lair:2   | Found a gate leading to a gauntlet.
 10402 | Gauntlet | Entered a Gauntlet
 10402 | Gauntlet | Found a transporter.
 10406 | Gauntlet | Noticed a catoblepas
 10411 | Gauntlet | Found a transporter.
 10426 | Gauntlet | Found a transporter.
 10431 | Gauntlet | Found a transporter.
 10448 | Gauntlet | Found a transporter.
 10466 | Gauntlet | Found a transporter.
 10478 | Gauntlet | Found a transporter.
 10487 | Gauntlet | Noticed a reaper
 10490 | Gauntlet | Found a transporter.
 10498 | Gauntlet | Found a large runed translucent door.
 10499 | Gauntlet | Found a large runed translucent door.
 10500 | Gauntlet | Found a large runed translucent door.
 10500 | Gauntlet | Found a large runed translucent door.
 10501 | Gauntlet | Found a runed translucent gate.
 10502 | Gauntlet | Found a transporter.
 10502 | Gauntlet | Found a runed translucent gate.
 10503 | Gauntlet | Found a runed translucent gate.
 10504 | Gauntlet | Found a large runed translucent door.
 10504 | Gauntlet | Found a large runed translucent door.
 10505 | Gauntlet | Found a large runed translucent door.
 10506 | Gauntlet | Found a large runed translucent door.
 10514 | Gauntlet | Found a transporter.
 10515 | Gauntlet | Found a large runed translucent door.
 10515 | Gauntlet | Found a large runed translucent door.
 10515 | Gauntlet | Found a runed translucent door.
 10515 | Gauntlet | Found a runed translucent door.
 10532 | Gauntlet | Found a transporter.
 10548 | Gauntlet | Found a large runed translucent door.
 10548 | Gauntlet | Found a large runed translucent door.
 10550 | Gauntlet | Found a transporter.
 10552 | Gauntlet | Found a large runed translucent door.
 10552 | Gauntlet | Found a large runed translucent door.
 10552 | Gauntlet | Found a transporter.
 10553 | Gauntlet | Found a large runed translucent door.
 10607 | Gauntlet | Found a transporter.
 10620 | Gauntlet | Found a transporter.
 10620 | Gauntlet | Found a transporter.
 10633 | Gauntlet | Found a transporter.
 10655 | Gauntlet | Found a large runed translucent door.
 10724 | Gauntlet | HP: 3/123 [sixfirhy (9)]
 10731 | Gauntlet | HP: 2/123 [sixfirhy (10)]
 10733 | Gauntlet | Slain by a sixfirhy

Illustrated notes

Levels and vault maps discovered:
D:1:      dpeg_arrival_long_road, layout_loops_ring, serial_forest,
          infiniplex_forest_straight_2, infiniplex_forest_straight_4,
          infiniplex_forest_lined_3_way, infiniplex_forest_straight_1,
          infiniplex_forest_pool, infiniplex_forest_clump_large,
          infiniplex_forest_end_2, serial_shops, nicolae_shop_peninsula
D:2:      layout_rooms
D:3:      layout_basic, ashenzari_conservatory_becter, serial_shops, shop,
          nicolae_shop_just_a_little_nook, nicolae_lakefront_shop,
          portal_sewer_entry_a, nrook_campfire
D:4:      layout_basic, tso_oasis_becter, nicolae_shop_sticking_my_neck_out
D:5:      layout_rooms, minmay_temple_entry_waves
D:6:      cheibrodos_quashed, layout_cave_pools, nicolae_elevator_lobby_plus
D:7:      layout_loops_cross, amcnicky_altar_gilded, overflow_temple_1_default
D:8:      nicolae_moon_pools, layout_basic, nicolae_overflow_hidden_temple,
          nicolae_stop_n_shop_2, nicolae_stop_n_shop_1, minivault_23
D:9:      layout_loops_cross, dpeg_lair_monsters, uniq_maggie
D:10:     layout_rooms, mainiacjoe_overflow_catwalk,
          mainiacjoe_overflow_tiny_flanked, orc_0_dummy, uniq_snorg, uniq_joseph
D:11:     layout_roguey, chequers_serial_rivers_small_a, kiku_gazebo_pond_becter
Temple:   bh_familiar_temple
Lair:1:   layout_loops_ring, cheibrodos_lair_caveside_slide, lemuel_fruit_tree
Lair:2:   layout_roguey [special_room_bee], nicolae_spider_entry_non_spiders,
          gauntlet_entry_generic, chequers_serial_rivers_micro_c,
          chequers_serial_rivers_small_a, st_stairs_12, serial_bayou_pond_b,
          grunt_megastairs_3, infiniplex_staircase_pool
Gauntlet: gammafunk_gauntlet_one_two_three [nicolae_gauntlet_arena_grate_2,
          nicolae_gauntlet_arena_flowing_pool,
          gammafunk_gauntlet_arena_chambers, gammafunk_gauntlet_arena_teeth,
          gammafunk_gauntlet_arena_mazey, gammafunk_gauntlet_arena_arrow_garden,
          gammafunk_gauntlet_arena_open,
          minmay_gauntlet_arena_make_your_own_arena, nicolae_gauntlet_arena_x,
          gauntlet_exit_green]

Skill      XL: |  1  2  3  4  5  6  7  8  9 10 11 12 |
---------------+-------------------------------------+-----
Maces & Flails | 4 5 6 8 9 10 12 16 | 16.0
Fighting       | 6 10 15 16 | 16.3
Armour         | 3 6 10 | 10.0
Invocations    | 1 5 |  5.9
Dodging        | 4 |  4.7

Action                     |  1- 3 |  4- 6 |  7- 9 | 10-12 || total
---------------------------+-------+-------+-------+-------++-------
  Melee: Mace              |    56 |   125 |       |       ||   181
         Headbutt          |    11 |    24 |    57 |    90 ||   182
         Flail             |       |    21 |       |       ||    21
         Morningstar       |       |     3 |   210 |   323 ||   536
 Invoke: Heroism           |       |       |       |     3 ||     3
  Evoke: Wand              |       |       |     2 |       ||     2
    Use: Scroll            |       |     5 |     2 |     8 ||    15
         Potion            |       |       |     1 |    12 ||    13
   Stab: Petrified         |       |       |       |     7 ||     7
 Armour: Robe              |    10 |     1 |       |       ||    11
         Chain mail        |       |    60 |   127 |   157 ||   344
  Dodge: Dodged            |    26 |    57 |   110 |   131 ||   324

Table legend: (Time is in decaauts)
 A = Elapsed time spent in this place.
 B = Non-inter-level travel time spent in this place.
 C = Inter-level travel time spent in this place.
 D = Time resting spent in this place.
 E = Time spent auto-exploring this place.
 F = Levels seen in this place.
 G = Mean time per level.
                   A        B        C        D        E       F      G
               +--------+--------+--------+--------+--------+-----+--------+
         Total |  10728 |  10067 |    661 |   1214 |   6264 |  16 |  670.5 |
       Dungeon |   8800 |   8189 |    611 |    958 |   5374 |  11 |  800.0 |
        Temple |    110 |     93 |     17 |     38 |     15 |   1 |  110.0 |
          Lair |   1025 |    992 |     33 |    114 |    638 |   2 |  512.5 |
         Sewer |    476 |    476 |      0 |     81 |    173 |   1 |  476.0 |
      Gauntlet |    315 |    315 |      0 |     23 |     63 |   1 |  315.0 |
               +--------+--------+--------+--------+--------+-----+--------+

Top non-repeatable levels by time:
     D:8: 1295 daAuts
     D:3: 1037 daAuts
     D:9: 975 daAuts
  Lair:1: 969 daAuts
     D:1: 842 daAuts
    D:11: 783 daAuts
     D:4: 765 daAuts
     D:5: 747 daAuts
    D:10: 626 daAuts
     D:6: 607 daAuts
     D:2: 573 daAuts
     D:7: 546 daAuts
   Sewer: 476 daAuts
Gauntlet: 315 daAuts
  Temple: 110 daAuts
